Map: Jagannatha LE

Players

Neeb

  • Race: Protoss Protoss
  • Spawn Location: 1:00

Rogue - Winner!

  • Race: Zerg Zerg
  • Spawn Location: 7:00

Event: IEM Katowice 2021

VOD

Have the link to the VOD?

Description

Time

  • Played on: Feb. 25, 2021, 11:12 a.m.
  • Length: 8:40

All games in this series

Show
View Real Time Build Order
Export as new Build Order

Neeb Protoss 

Build Orders: 1 Gate Expand, Oracle Opening, Zealot Archon 

Get SALT Encoding   

  12  0:00  Probe  
  13  0:12  Probe  
  14  0:20  Pylon  
  14  0:24  Probe  
  15  0:38  Probe (Chrono Boost)  
  15  0:39  Gateway  
  16  0:47  Probe (Chrono Boost)  
  17  0:50  Assimilator  
  17  0:52  Probe (Chrono Boost)  
  18  1:04  Probe  
  19  1:16  Probe  
  20  1:26  Nexus  
  20  1:36  Cybernetics Core  
  20  1:40  Probe  
  20  1:44  Assimilator  
  21  1:52  Probe (Chrono Boost)  
  21  1:53  Pylon  
  22  2:04  Probe (Chrono Boost)  
  23  2:10  Adept (Chrono Boost)  
  23  2:12  Probe (Chrono Boost)  
  26  2:18  Probe  
  26  2:22  Stargate  
  27  2:31  Warp Gate  
  27  2:32  Probe (Chrono Boost)  
  27  2:37  Adept  
  30  2:39  Probe (Chrono Boost)  
  32  2:48  Probe x2 (Chrono Boost)  
  33  2:53  Probe (Chrono Boost)  
  33  2:54  Probe  
  33  2:56  Void Ray (Chrono Boost)  
  35  3:05  Probe  
  40  3:07  Pylon, Probe  
  41  3:14  Gateway  
  41  3:17  Probe  
  41  3:19  Probe  
  43  3:29  Probe  
  43  3:31  Probe  
  43  3:33  Oracle (Chrono Boost)  
  48  3:41  Probe  
  48  3:43  Probe  
  50  3:51  Nexus  
  50  3:53  Probe  
  51  3:56  Assimilator, Probe  
  51  3:58  Assimilator  
  52  4:05  Probe  
  52  4:07  Stargate  
  53  4:10  Probe  
  53  4:11  Pylon  
  53  4:13  Pylon  
  54  4:22  Void Ray (Chrono Boost)  
  54  4:29  Pylon, Probe x2  
  60  4:41  Probe x2  
  60  4:43  Forge  
  62  4:46  Twilight Council  
  62  4:50  Void Ray (Chrono Boost)  
  62  4:53  Void Ray (Chrono Boost)  
  62  4:54  Probe x2  
  68  5:01  Shield Battery  
  68  5:04  Probe  
  68  5:06  Probe x2  
  75  5:12  Pylon  
  75  5:18  Probe x2  
  78  5:23  Protoss Ground Weapons Level 1 (Chrono Boost)  
  78  5:24  Pylon, Shield Battery  
  77  5:29  Gateway  
  77  5:31  Robotics Facility  
  77  5:32  Gateway  
  77  5:34  Charge (Chrono Boost), Probe x2  
  79  5:36  Probe  
  80  5:46  Probe  
  80  5:47  Probe  
  80  5:49  Assimilator, Probe  
  83  5:50  Assimilator, Sentry x2  
  83  5:54  Pylon  
  87  5:59  Probe x2  
  87  6:01  Probe  
  87  6:03  Gateway x2  
  90  6:08  Templar Archives  
  90  6:11  Probe x2  
  93  6:19  Observer  
  93  6:23  Probe, Gateway  
  94  6:26  Gateway  
  94  6:30  Gateway  
  94  6:31  Void Ray x2  
  94  6:32  Gateway  
  94  6:34  Gateway  
  94  6:39  Warp Prism  
  102  6:40  Pylon, Probe  
  105  6:57  Pylon, Nexus  
  105  7:01  High Templar x2  
  105  7:02  Zealot x2  
  105  7:06  Archon  
  113  7:09  Zealot x2  
  113  7:12  Immortal (Chrono Boost)  
  121  7:22  Shield Battery  
  121  7:26  Shield Battery  
  115  7:31  Zealot, High Templar x2  
  115  7:32  Zealot x4  
  125  7:38  Archon  
  114  7:46  Zealot  
  114  7:47  Zealot x3  
  116  7:58  Immortal (Chrono Boost)  
  116  7:59  Zealot x2  
  116  8:02  Pylon x2  
  116  8:03  Pylon  
  117  8:11  Photon Cannon  
  117  8:13  Pylon  
  113  8:21  Zealot x8  
  113  8:23  Zealot  
  129  8:32  Pylon  
Show
View Real Time Build Order
Export as new Build Order

Rogue Zerg - Winner!

Build Orders: Hatch First 

Get SALT Encoding   

  12  0:01  Drone  
  13  0:12  Overlord  
  13  0:17  Drone  
  14  0:31  Drone  
  15  0:43  Drone x2  
  17  0:53  Hatchery  
  17  0:55  Drone  
  17  0:59  Drone  
  18  1:10  Extractor  
  17  1:14  Spawning Pool  
  17  1:18  Drone  
  17  1:21  Drone  
  18  1:29  Drone  
  19  1:40  Overlord  
  19  1:50  Drone  
  20  2:01  Queen  
  20  2:02  Zergling x2  
  20  2:04  Queen  
  20  2:05  Zergling x2  
  26  2:11  Drone  
  27  2:15  Drone  
  27  2:16  Metabolic Boost  
  27  2:22  Drone  
  29  2:27  Drone  
  30  2:34  Drone  
  31  2:43  Hatchery  
  30  2:48  Queen  
  32  2:53  Overlord  
  32  2:56  Zergling x2  
  32  2:57  Drone  
  34  3:00  Drone  
  34  3:04  Drone  
  37  3:12  Drone  
  37  3:13  Drone x4  
  41  3:20  Overlord  
  41  3:24  Queen  
  43  3:27  Drone  
  44  3:34  Spore Crawler  
  44  3:35  Drone  
  44  3:40  Drone x2  
  46  3:43  Queen  
  46  3:45  Drone x4  
  52  3:55  Spore Crawler  
  51  3:57  Drone x3  
  51  3:58  Drone x2  
  51  4:00  Overlord  
  56  4:04  Drone  
  56  4:06  Drone  
  56  4:09  Overlord  
  58  4:18  Overlord  
  58  4:23  Extractor, Drone x5  
  62  4:26  Spore Crawler  
  62  4:29  Lair  
  62  4:30  Drone x2  
  63  4:32  Queen  
  63  4:33  Extractor  
  63  4:36  Drone x4  
  68  4:40  Drone  
  68  4:41  Drone x2  
  71  4:46  Extractor  
  71  4:48  Roach Warren  
  71  4:50  Zergling x6  
  71  4:51  Drone  
  71  4:52  Drone  
  74  4:54  Drone x2  
  74  4:56  Extractor  
  74  4:57  Drone  
  74  4:58  Extractor  
  75  5:01  Drone x2  
  75  5:03  Evolution Chamber  
  75  5:04  Drone x2  
  75  5:06  Drone  
  79  5:08  Queen  
  79  5:10  Drone  
  79  5:13  Overlord  
  82  5:20  Drone x2  
  82  5:24  Overlord x2  
  82  5:30  Glial Reconstitution  
  82  5:31  Zerg Missile Weapons Level 1  
  82  5:32  Overseer, Hydralisk Den  
  82  5:34  Drone  
  82  5:35  Drone x4  
  85  5:36  Drone  
  85  5:37  Drone  
  85  5:42  Overlord x2  
  88  5:51  Hatchery  
  88  5:53  Pneumatized Carapace  
  87  6:02  Hydralisk x3, Grooved Spines  
  92  6:10  Overlord  
  92  6:11  Hydralisk  
  92  6:12  Hydralisk x3  
  92  6:17  Hydralisk x3  
  102  6:21  Overlord  
  102  6:30  Roach  
  102  6:31  Roach x4, Overlord  
  112  6:34  Overlord  
  112  6:40  Overlord  
  112  6:42  Roach x3  
  112  6:45  Roach  
  118  6:49  Overseer  
  118  6:50  Roach x3  
  124  6:56  Roach  
  124  6:57  Roach x2  
  124  7:01  Ravager x4  
  132  7:02  Zergling x2  
  132  7:04  Queen  
  136  7:09  Zergling x2  
  136  7:10  Zergling x8  
  136  7:12  Ravager x2  
  136  7:15  Zergling x2  
  144  7:21  Zergling x4  
  146  7:24  Roach x3  
  146  7:26  Hatchery  
  148  7:31  Roach x2  
  148  7:36  Roach  
  148  7:37  Roach x2  
  152  7:41  Roach  
  152  7:45  Roach  
  152  7:51  Overseer  
  152  7:53  Roach x2  
  152  7:54  Overlord x2  
  152  7:57  Overlord  
  144  7:59  Overlord  
  144  8:02  Overlord  
  144  8:06  Overlord x2  
  144  8:10  Ravager  
  145  8:15  Ravager x3  
  145  8:16  Roach x4  
  156  8:20  Roach  
  156  8:21  Roach x2  

Tags
 
Add a new tag
Caveats
  • Supply blocks, unpowered buildings, or Contaminate may cause inaccurate times.
  • Supply counts are checked every 10 seconds.